 Dungeon Crawl Stone Soup version 0.30-b1-2-g02819fbbbe (webtiles) character file.

Game seed: 1678797704827879917

286 Mesmaeker13 the Shooter (level 6, 0/50 HPs)
             Began as a Barachi Hunter on Sept 29, 2023.
             Slain by a kobold brigand
             ... wielding a +0 whip
              (9 damage)
             ... on level 5 of the Dungeon.
             The game lasted 00:05:06 (2872 turns).

Mesmaeker13 the Shooter (Barachi Hunter)            Turns: 2872, Time: 00:05:07

Health: 0/50       AC:  4    Str:  7    XL:     6   Next: 30%
Magic:  6/6        EV: 13    Int: 10    God:
Gold:   191        SH:  0    Dex: 20    Spells: 5/5 levels left

rFire   + . .        a - +0 shortbow
rCold   + . .        (shield currently unavailable)
rNeg    + + .        c - +0 leather armour
rPois   .            (no helmet)
rElec   +            v - scarf of the Tundras {rC+ rF+, rElec rN++ Str-5 Dex+3}
rCorr   .            (no gloves)
SInv    .            i - +0 pair of boots
Will    .....        (no amulet)
Stlth   ++           (no ring)
HPRegen 0.28/turn    (no ring)
MPRegen 0.10/turn

%: no passive effects
@: lethally poisoned (0 -> -7), weak-willed, slowed, very slow
A: amphibious, slowness 1, strong legs 1, +LOS
a: Hop


You were on level 5 of the Dungeon.
You visited 1 branch of the dungeon, and saw 5 of its levels.

You collected 191 gold pieces.

Inventory:

Hand Weapons
 a - a +0 shortbow (weapon)
 h - a +0 short sword
Missiles
 e - 7 poisoned darts
Armour
 c - a +0 leather armour (worn)
 d - a +0 ring mail
 i - a +0 pair of boots (worn)
 u - a +0 cloak
 v - the scarf of the Tundras (worn) {rC+ rF+, rElec rN++ Str-5 Dex+3}
   (You found it on level 4 of the Dungeon)

   Str:       It affects your strength (-5).
   Dex:       It affects your dexterity (+3).
   rElec:     It insulates you from electricity.
   rN:        It greatly protects you from negative energy.
Wands
 n - a wand of mindburst (13)
Scrolls
 b - 2 scrolls of immolation
 j - a scroll of magic mapping {unknown}
 k - a scroll of butterflies {unknown}
 p - a scroll of fog
 r - a scroll of identify {unknown}
 w - a scroll of enchant weapon {unknown}
 y - a scroll of silence {unknown}
 z - a scroll of amnesia {unknown}
Potions
 f - 2 potions of berserk rage {unknown}
 l - a potion of flight {unknown}
 m - a potion of cancellation {unknown}
 o - 2 potions of invisibility {unknown}
 s - 2 potions of mutation {unknown}
 t - a potion of heal wounds {unknown}
 x - a potion of degeneration {unknown}


   Skills:
 + Level 4.8 Fighting
 + Level 5.3 Ranged Weapons
 + Level 4.4 Dodging
 - Level 0.8 Stealth


You had 5 spell levels left.
You didn't know any spells.
Your spell library contained the following spells:

 Spells                   Type           Power      Damage    Failure   Level
 Anguish                  Hex/Necr       0%         N/A       99%         4
 Enfeeble                 Hex            0%         N/A       100%        7


Dungeon Overview and Level Annotations

Branches:
Dungeon (5/15)
 Temple: D:4-7

Altars:

Shops:
D:4 !


Innate Abilities, Weirdness & Mutations

You are amphibious.
You cover ground slowly.
You can hop short distances.
You have an extended range of vision and can be seen from far away.


Message History

There is an open door here.
There is an open door here.
You see here a gnoll skeleton.
You see here a gnoll skeleton.
You see here a goblin skeleton.
As you open the door, it creaks loudly! 6 kobold brigands come into view.
A kobold brigand is wielding a +0 whip and quivering curare-tipped darts.
A kobold brigand is wielding a +0 short sword and quivering curare-tipped darts.
A kobold brigand is wielding a +0 club and quivering curare-tipped darts.
A kobold brigand is wielding a +0 short sword and quivering poisoned darts.
A kobold brigand is wielding a +0 whip and quivering poisoned darts.
A kobold brigand is wielding a +0 club and quivering curare-tipped darts.
The kobold brigand shouts! x5
The kobold brigand throws a curare-tipped dart.
The curare-tipped dart misses you.
The kobold brigand throws a curare-tipped dart.
The curare-tipped dart hits you.
You are poisoned.
You have difficulty breathing.
You feel yourself slow down.
The kobold brigand throws a poisoned dart.
The poisoned dart hits you!
You are more poisoned.
The kobold brigand throws a curare-tipped dart.
The curare-tipped dart hits you.
You are more poisoned.
You have difficulty breathing.
You feel as though you will be slow longer.
Found five items.
Unknown command.
As you read the scroll labelled OGROBA XUJIH, it crumbles to dust.
The scroll dissolves into smoke.
It was a scroll of fog.
You feel extremely sick.
As you read the scroll labelled NUADAE ZEDWAG, it crumbles to dust.
Magic quickly surges around you.
It was a scroll of vulnerability.
You feel very sick.
The kobold brigand hits you with a +0 whip.
As you read the scroll labelled QUULLAHEGO, it crumbles to dust.
Your body is wracked with pain!
* * * LOW HITPOINT WARNING * * *
The kobold brigand convulses! x4; It was a scroll of torment.
* * * LOW HITPOINT WARNING * * *
You feel very sick.
The kobold brigand hits you with a +0 whip!
You die...

................+
#........###....#
#........# #.####
....###### #+# ....#####
#.# ### ........####.#
÷..## ....##....##.##
..÷..#
....##.####...####K§K....
....##.'..÷÷..§§@KK§KK.).
....#######...####K§.K...
....# ##.## ÷.K..# #####
#÷# ÷÷.## #÷# #### ###
#'##...# #....# ###..#
#....#


You could see 4 kobold brigands.

Vanquished Creatures
  A phantom (D:4)
  A scorpion (D:4)
  A hound (D:5)
  Terence (D:2)
  6 adders
  A worm (D:3)
  An orc (D:4)
  7 endoplasms
  A giant cockroach (D:3)
  3 goblins
  3 hobgoblins
  2 quokkas
  4 ball pythons
  4 bats
  A frilled lizard (D:3)
  5 kobolds
  3 rats
45 creatures vanquished.

Notes
Turn   | Place    | Note
-------+----------+-------------------------------------------
     0 | D:1      | Mesmaeker13 the Barachi Hunter began the quest for the Orb.
     0 | D:1      | Reached XP level 1. HP: 17/17 MP: 1/1
   620 | D:2      | Reached XP level 2. HP: 23/23 MP: 2/2
   644 | D:2      | Noticed Terence
   836 | D:2      | Reached XP level 3. HP: 29/29 MP: 3/3
  1016 | D:2      | Killed Terence
  1017 | D:2      | Reached XP level 4. HP: 23/35 MP: 4/4
  1962 | D:4      | Found Mavaarro's Distillery.
  2201 | D:4      | Noticed a scorpion
  2203 | D:4      | Killed a scorpion
  2204 | D:4      | Reached skill level 5 in Ranged Weapons
  2204 | D:4      | Reached XP level 5. HP: 37/42 MP: 5/5
  2205 | D:4      | Identified the scarf of the Tundras {rC+ rF+, rElec rN++
                  | Str-5 Dex+3}
  2222 | D:4      | Noticed a phantom
  2231 | D:4      | Killed a phantom
  2232 | D:4      | Reached XP level 6. HP: 43/49 MP: 6/6
  2788 | D:5      | Entered Level 5 of the Dungeon
  2869 | D:5      | Found the +7 Throatcutter {drain, coup de grace}
  2872 | D:5      | Slain by a kobold brigand

Illustrated notes

Levels and vault maps discovered:
D:1:      dpeg_arrival_tiny_a, layout_loops_ring, minmay_liquid_box
D:2:      layout_rooms, serial_curves, eino_curves_04, eino_curves_02,
          uniq_terence
D:3:      layout_loops_ring
D:4:      layout_loops_ring, serial_shops, nicolae_inconvenience_store
D:5:      layout_basic, dilly_guarded_unrand_throatcut

Skill      XL: |  1  2  3  4  5 |
---------------+----------------+-----
Fighting       | 3 4 |  4.8
Dodging        | 3 4 |  4.4
Ranged Weapons | 5 |  5.3
Stealth        | |  0.8

Action                     |  1- 3 |  4- 6 || total
---------------------------+-------+-------++-------
   Fire: Shortbow          |    54 |    77 ||   131
Ability: Hop               |     2 |     1 ||     3
  Evoke: Wand              |     2 |     2 ||     4
    Use: Scroll            |       |     3 ||     3
 Armour: Leather armour    |     2 |     6 ||     8
  Dodge: Dodged            |    13 |    13 ||    26
